 Dungeon Crawl Stone Soup version 0.32-a0-433-g08bcfe7efd (webtiles) character file.

Game seed: 6823130806481991415

17 ezpacito the Trooper (level 2, -7/20 (24) HPs)
             Began as a Demonspawn Chaos Knight on Feb 23, 2024.
             Was a Plaything of Xom.
             Killed by nerve-wracking pain
             ... invoked by a shadow imp
             ... summoned by Xom
              (14 damage)
             ... on level 2 of the Dungeon.
             The game lasted 00:01:21 (1170 turns).

ezpacito the Trooper (Demonspawn Chaos Knight)      Turns: 1170, Time: 00:01:21

HP:   -7/20 (24)    AC:  4    Str: 12    XL:     2   Next: 44%
MP:   2/2           EV:  6    Int: 14    God:    Xom [*.....]
Gold: 73            SH:  0    Dex: 12    Spells: 1/2 levels left

rFire   . . .        a - +0 hand axe (chaos)
rCold   . . .        (no shield)
rNeg    . . .        d - +0 chain mail
rPois   .            (no helmet)
rElec   .            (no cloak)
rCorr   .            (no gloves)
SInv    .            (no boots)
Will    .....        (no amulet) Stlth
                     (no ring)
HPRegen 0.23/turn    (no ring)
MPRegen 0.08/turn

%: no passive effects
@: heavily drained
A: big brain 1, deformed body
a: Renounce Religion


You were on level 2 of the Dungeon.
You worshipped Xom.
You were a special plaything of Xom.
You visited 1 branch of the dungeon, and saw 2 of its levels.

You collected 73 gold pieces.

Inventory:

Hand Weapons
 a - a +0 hand axe of chaos (weapon)
Armour
 b - a +2 leather armour
 d - a +0 chain mail (worn)
 h - a +0 pair of gloves
Scrolls
 c - a scroll of butterflies
Potions
 e - 2 potions of lignification
 f - 2 potions of degeneration {unknown}
 g - 2 potions of attraction {unknown}


   Skills:
 * Level 3.1 Fighting
 * Level 2.8 Axes
 * Level 1.9 Armour
 * Level 1.0 Dodging
 + Level 0.5 Stealth
 * Level 0.5 Unarmed Combat
 * Level 0.5 Spellcasting


You had one spell level left.
You knew the following spells:

 Your Spells              Type           Power      Damage    Failure   Level
a - Magic Dart            Conj           0%         1d3       100%        1

Your spell library contained the following spells:

 Spells                   Type           Power      Damage    Failure   Level
 Lesser Beckoning         Tloc           0%         N/A       100%        2
 Searing Ray              Conj           0%         2d4       100%        2
 Gell's Gravitas          Tloc           0%         N/A       100%        3
 Teleport Other           Tloc           0%         N/A       100%        3
 Fulminant Prism          Conj/Alch      0%         3d5       100%        4


Dungeon Overview and Level Annotations

Branches:
Dungeon (2/15)

Altars:

Shops:
D:1 =


Innate Abilities, Weirdness & Mutations

You have an unusually large brain. (Int +2)
Armour fits poorly on your strangely shaped body.


Message History

You hit the shadow imp.
The shadow imp's magic leaks into the air.
The shadow imp is lightly wounded.
You closely miss the shadow imp. The shadow imp hits you.
The shadow imp laughs crazily.
The shadow imp barely misses you.
Unknown command.
You hit the giant cockroach. You drain the giant cockroach.
You kill the giant cockroach!
You hit the shadow imp but do no damage.
You barely miss the shadow imp. The shadow imp barely misses you.
The shadow imp hits you.
Unknown command.
A kobold comes into view. It is wielding a +0 club.
The kobold shouts!
The goblin attacks as it pursues you! The goblin hits you but does no damage.
The kobold hits you but does no damage. The shadow imp completely misses you.
The shadow imp's magic is no longer disrupted.
Unknown command.
The kobold hits you with a +0 short sword.
The goblin hits you but does no damage. The shadow imp hits you.
The shadow imp gestures at you.
You barely resist.
You hit the shadow imp but do no damage.
You hit the goblin. You miss the kobold. You barely miss the shadow imp.
The kobold hits you with a +0 short sword.
The goblin hits you with a +0 club.
The shadow imp hits you but does no damage.
The shadow imp hits you.
Unknown command.
You barely miss the shadow imp. You closely miss the kobold.
You hit the shadow imp. You hit the goblin but do no damage.
The goblin seems to speed up.
The goblin closely misses you.
The kobold hits you with a +0 short sword.
A kobold comes into view. It is wielding a +0 whip.
The shadow imp hits you. The shadow imp gestures at you.
Pain shoots through your body!
Ouch! That really hurt!
You die...

..##.#.##..
###K.........
#........#...
#..........# #
#...$.....# .
#.#....K....##..
#.#.....l?......
######......gK.......
#.....##.##.@5g#....
#.....##.#.5#### .
#...........#
#...........#
#..........##
#...†......#
#...##.....# #.#
##..<..# # #..†...#


You could see 2 shadow imps, 2 goblins, 3 kobolds and a frilled lizard.

Vanquished Creatures
  A dart slug (D:1)
  4 ball pythons
  An endoplasm (D:1)
  A giant cockroach (D:2)
  2 kobolds (D:1)
  2 bats
  2 frilled lizards (D:1)
  A goblin (D:1)
  A rat (D:1)
15 creatures vanquished.

Notes
Turn   | Place    | Note
-------+----------+-------------------------------------------
     0 | D:1      | ezpacito the Demonspawn Chaos Knight began the quest for
                  | the Orb.
     0 | D:1      | Reached XP level 1. HP: 18/18 MP: 1/1
    85 | D:1      | Found Zuuweck's Jewellery Emporium.
   113 | D:1      | Reached skill level 1 in Dodging
   118 | D:1      | XOM: silly message
   152 | D:1      | XOM: noise
   161 | D:1      | XOM: give mutation
   161 | D:1      | Gained mutation: Armour fits poorly on your strangely
                  | shaped body. [Xom's mischief]
   209 | D:1      | Gained mutation: You have an unusually large brain. (Int
                  | +2) [demonic ancestry]
   209 | D:1      | Reached XP level 2. HP: 24/24 MP: 2/2
   753 | D:1      | XOM: summons 2 hostile demons
   758 | D:1      | XOM: smoke on damage
   760 | D:1      | XOM: smoke on damage
   774 | D:1      | XOM: draining
  1135 | D:1      | Learned a level 1 spell: Magic Dart
  1163 | D:2      | XOM: summons 2 hostile demons
  1170 | D:2      | Killed from afar by a shadow imp

Illustrated notes

Levels and vault maps discovered:
D:1:      lemuel_arrival_rhombus, layout_basic, serial_shops,
          nicolae_shop_tiny_waterfront, nicolae_houndstooth_variations
D:2:      layout_rooms, grunt_decor_resistance

Skill      XL: |  1 |
---------------+----+-----
Dodging        | 1 |  1.0
Fighting       | |  3.1
Axes           | |  2.8
Armour         | |  1.9
Stealth        | |  0.5
Unarmed Combat | |  0.5
Spellcasting   | |  0.5

Action                     || total
---------------------------++-------
  Melee: Hand axe          ||    38
    Use: Potion            ||     1
 Armour: Chain mail        ||    37
         Skin              ||     3
  Dodge: Dodged            ||    11

Table legend: (Time is in decaauts)
 A = Elapsed time spent in this place.
 B = Non-inter-level travel time spent in this place.
 C = Inter-level travel time spent in this place.
 D = Time resting spent in this place.
 E = Time spent auto-exploring this place.
 F = Levels seen in this place.
 G = Mean time per level.
                   A        B        C        D        E       F      G
               +--------+--------+--------+--------+--------+-----+--------+
         Total |   1176 |   1135 |     41 |    179 |    824 |   2 |  588.0 |
       Dungeon |   1176 |   1135 |     41 |    179 |    824 |   2 |  588.0 |
               +--------+--------+--------+--------+--------+-----+--------+

Top non-repeatable levels by time:
     D:1: 1151 daAuts
     D:2: 24 daAuts
